 Dungeon Crawl Stone Soup version 0.27-a0-1322-gfdffb62a71 (webtiles) character file.

Game seed: 2637724275195009986

520012 freelancePsychic the Acrobat (level 26, -14/190 HPs)
             Began as a Djinni Arcane Marksman on June 22, 2021.
             Was the Champion of Makhleb.
             Hit by a large rock thrown by a stone giant (38 damage)
             ... on level 4 of the Depths.
             The game lasted 03:06:36 (57322 turns).

freelancePsychic the Acrobat (DjAM)                Turns: 57322, Time: 03:06:37

Health: -14/190    AC: 15    Str: 20    XL:     26   Next: 53%
Gold:   7218       EV: 24    Int: 38    God:    Makhleb [******] SH:  5 Dex: 15

rFire    + + +     SeeInvis .   b - staff of conjuration
rCold    + + .     Faith    .   D - +0 buckler
rNeg     . . .     Spirit   .   U - +4 troll leather armour
rPois    ∞         Reflect  .   e - +2 helmet of the Cobbler {Will+ Str+2 Int+3}
rElec    .         Harm     .   t - +0 cloak "Qocve" {Int+3 Stlth-}
rCorr    .         Rampage  .   m - +2 pair of gloves {Stlth+}
Will     +++..                  (boots unavailable)
Stlth    +.........             Q - amulet of regeneration
HPRegen  2.41/turn              C - ring of protection from fire
MPRegen  0.00/turn              J - ring "Nuthezis" {Drain rC+++ Str+9 Int+6}

@: flying, very slightly contaminated
A: sickness immunity, fire resistance 2, cold vulnerability 1, float, innate
caster, hp casting, extra vitality 1, sense surroundings 1, MP-powered wands
}: 3/15 runes: barnacled, silver, gossamer
a: Renounce Religion, Minor Destruction, Lesser Servant of Makhleb, Major
Destruction, Greater Servant of Makhleb


You were on level 4 of the Depths.
You worshipped Makhleb.
Makhleb was exalted by your worship.
You visited 9 branches of the dungeon, and saw 44 of its levels.
You visited 1 bazaar.
You also visited: Ossuary, Ice Cave and Volcano.

You collected 7263 gold pieces.
You spent 45 gold pieces at shops.

Inventory:

Hand Weapons
 a - the +3 broad axe "Xuguad" {freeze, Str-5 Int+5 SInv}
   (You found it on level 4 of the Vaults)

   It has been specially enchanted to freeze those struck by it, causing extra
   injury to most foes and up to half again as much damage against particularly
   susceptible opponents.
   It can also slow down cold-blooded creatures.
   It affects your strength (-5).
   It affects your intelligence (+5).
   It lets you see invisible.
Armour
 e - the +2 helmet of the Cobbler (worn) {Will+ Str+2 Int+3}
   (You found it on level 3 of the Elven Halls)

   It affects your strength (+2).
   It affects your intelligence (+3).
   It increases your willpower.
 m - a +2 pair of gloves of stealth (worn)
 t - the +0 cloak "Qocve" (worn) {Int+3 Stlth-}
   (You found it on level 5 of the Vaults)

   It affects your intelligence (+3).
   It makes you less stealthy.
 D - a +0 buckler (worn)
 U - a +4 troll leather armour (worn)
Magical Staves
 b - a staff of conjuration (weapon)
Jewellery
 l - the ring "Hurih" {Ice rPois Dex+3}
   (You found it on level 6 of the Lair of Beasts)

   [ring of ice]

   It enhances your ice magic.
   It affects your dexterity (+3).
   It makes you vulnerable to fire.
   It protects you from cold.
   It protects you from poison.
 n - a +4 ring of evasion
 o - a ring of positive energy
 v - a +6 ring of dexterity
 w - the ring "Xigoakapt" {*Slow rPois MP+9 Str+3}
   (You took it off a deep elf demonologist on level 3 of the Elven Halls)

   [ring of magical power]

   It affects your strength (+3).
   It protects you from poison.
   It affects your magic capacity (+9).
   It may slow you when you take damage.
 C - a ring of protection from fire (left hand)
 H - a ring of see invisible
 J - the ring "Nuthezis" (right hand) {Drain rC+++ Str+9 Int+6}
   (You acquired it on level 1 of the Vaults)

   [ring of intelligence]

   It affects your strength (+9).
   It affects your intelligence (+6).
   It renders you almost immune to cold.
   It drains your maximum health when unequipped.
 N - an amulet of faith
 Q - an amulet of regeneration (around neck)
 R - a +4 ring of protection
 Y - a ring of ice
Wands
 I - a wand of digging (28)
Scrolls
 c - 5 scrolls of vulnerability
 d - 13 scrolls of identify {@r1}
 g - 17 scrolls of teleportation {@r4}
 i - 7 scrolls of immolation
 q - 7 scrolls of fog
 u - 9 scrolls of enchant weapon
 y - a scroll of enchant armour
 E - 3 scrolls of torment
 M - a scroll of silence
 O - 6 scrolls of fear
 X - 4 scrolls of magic mapping
 Z - a scroll of brand weapon
Potions
 f - a potion of cancellation
 h - 4 potions of lignification
 j - 12 potions of brilliance
 k - 11 potions of might
 p - 7 potions of attraction
 r - 16 potions of curing {@q1}
 s - 5 potions of haste {@q3}
 z - 3 potions of resistance
 A - 2 potions of heal wounds {@q2}
 B - 5 potions of degeneration
 F - a potion of magic
 G - 5 potions of berserk rage
 K - a potion of mutation
 L - 9 potions of ambrosia
 T - 6 potions of invisibility


   Skills:
 - Level 16.8 Fighting
 - Level 1.5 Slings
 - Level 23.6 Dodging
 - Level 4.0 Shields
 - Level 17.8 Unarmed Combat
 + Level 20.2 Spellcasting
 - Level 10.4 Invocations


You couldn't memorise any spells.
You knew the following spells:

 Your Spells              Type           Power      Damage    Failure   Level
a - Lehudib's Crystal Sp  Conj/Erth      69%        10d16     1%          8
b - Infestation           Necr           56%        N/A       1%          8
c - Storm Form            Tmut/Air       56%        N/A       1%          7
d - Invisibility          Hex            56%        N/A       1%          6
e - Cause Fear            Hex            56%        N/A       0%          4
f - Petrify               Tmut/Erth      100%       N/A       0%          4
g - Yara's Violent Unrav  Hex/Tmut       56%        3d21      0%          5
h - Corpse Rot            Necr/Air       N/A        N/A       0%          2
i - Sting                 Tmut/Pois      100%       1d8       0%          1
j - Leda's Liquefaction   Hex/Erth       56%        N/A       0%          4
k - Slow                  Hex            100%       N/A       0%          2
l - Corona                Hex            100%       N/A       0%          1
m - Stone Arrow           Conj/Erth      100%       3d13      0%          3
n - Inner Flame           Hex/Fire       100%       N/A       0%          3
o - Portal Projectile     Hex/Tloc       100%       N/A       0%          3
p - Hailstorm             Conj/Ice       100%       3d20      0%          4
q - Starburst             Conj/Fire      69%        8x6d18    1%          6
r - Orb of Destruction    Conj           69%        9d18      1%          7
Your spell library was empty.

Dungeon Overview and Level Annotations

Branches:
Dungeon (15/15)            Temple (1/1) D:5            Lair (6/6) D:8
 Shoals (4/4) Lair:4       Spider (4/4) Lair:3        Slime (0/5) Lair:5
    Orc (2/2) D:12            Elf (3/3) Orc:2        Vaults (5/5) D:14
  Crypt (0/3) Vaults:2     Depths (4/5) D:15        Ossuary (visited)
  IceCv (visited)         Volcano (visited)

Altars:
Ashenzari
Cheibriados
Dithmenos
Elyvilon
Fedhas
Hepliaklqana
Kikubaaqudgha
Makhleb
Nemelex Xobeh
Okawaru
Qazlal
Ru
Sif Muna
Trog
Uskayaw
Vehumet
Wu Jian
Xom
Yredelemnul
Zin
The Shining One
Beogh
Jiyva

Shops:
D:7 :   Orc:2 [*=(   Elf:3 *   Vaults:2 =:(

Portals:
Hell: Depths:1 Depths:2 Depths:4
Trove: D:13 (give +2 shadow dragon scales)

Annotations:
D:5 2 transporters
Lair:2 3 runed translucent doors, exclusion: oklob plant, Drazool's ghost, journeyman GrEE
Lair:5 exclusion: oklob plant
Shoals:1 3 runed translucent doors, Peas's ghost, journeyman DrVM; Zipteul's ghost, adept NaBe
Shoals:2 1 runed translucent door
Spider:3 Roxanne
Elf:2 6 runed translucent doors, rrossfarrar's ghost, adept FeBe


Innate Abilities, Weirdness & Mutations

You are immune to sickness and miasma.
You are immune to poison.
Your flesh is very heat resistant. (rF++)
You are vulnerable to cold. (rC-)
You float through the air rather than walking.
You learn spells naturally, not from books.
Your magical power is your life essence.
You have superior vitality. (+4 HP)
You passively map a small area around you.
You expend health (3 HP) to strengthen your wands.


Message History

The floor, spattered with blood.
Unknown command.
Unknown command.
Okay, then.
A demon appears!
It doesn't seem very happy.
The spriggan defender hits you with a +8 quick blade!
* * * LOW HITPOINT WARNING * * *
The salamander hits you from afar with a +0 halberd!
* * * LOW HITPOINT WARNING * * *
You are engulfed in flames.
You resist.
* * * LOW HITPOINT WARNING * * *
The stone giant hits you!!
* * * LOW HITPOINT WARNING * * *
The spriggan defender hits you with a +8 quick blade!
* * * LOW HITPOINT WARNING * * *
Okay, then.
You feel much better.
You block the spriggan defender's attack.
The salamander misses you. You block the stone giant's attack.
The spriggan defender closely misses you.
The Executioner gestures.
The Executioner seems to speed up.
The stone giant throws a large rock.
The large rock hits you!
* * * LOW HITPOINT WARNING * * *
You feel much better. The spriggan defender misses you.
The salamander hits you but does no damage.
The stone giant throws a large rock.
The large rock completely misses you.
The spriggan defender closely misses you.
A demon appears!
The spriggan defender hits you with a +8 quick blade.
* * * LOW HITPOINT WARNING * * *
The salamander hits you from afar with a +0 halberd!
* * * LOW HITPOINT WARNING * * *
You are engulfed in flames.
You resist.
* * * LOW HITPOINT WARNING * * *
The stone giant throws a large rock.
The large rock barely misses your cacodemon.
The large rock hits you!!!
You die...

#.# #.......#
#≈§§≈..... , #.#
#.......###≈≈≈§.....
, , #.#
#####.####§≈§§......
,, #.# #.#
#§§§§...... #(# #.#
#§§........ ,,, #.#
#.# #≈......... #.#
#.## #≈NC1...... ###
#..####2i######
##.##..@.≈≈§≈≈§≈
#.#...}......§.
#.'.)..........
#.'.^..........
#.'.)§§........,
###.§§.§...≈≈§≈ ≈
##§≈§§≈≈≈≈≈≈≈
###########


You could see a stone giant, a spriggan defender (ally target), an Executioner
(summoned, fast), a salamander and a friendly cacodemon (summoned).

Vanquished Creatures
  2 dread liches
  An ancient lich (Vaults:5)
  The ghost of Vatovie the Slayer, a veteran MiFi of Makhleb (Vaults:4)
  Frederick (Vaults:2)
  Xtahua (Vaults:5)
  Jory (Vaults:3)
  4 golden dragons
  The ghost of Droegar the Slayer, an adept MiBe of Trog (Vaults:4)
  3 hellephants (Depths:1)
  2 tentacled monstrosities (Vaults:5)
  Rupert (Lair:3)
  Jorgrun (Spider:2)
  2 deep elf blademasters (Elf:3)
  A titan (Vaults:5)
  2 liches
  2 deep elf master archers (Elf:3)
  4 sphinxes
  Asterion (Vaults:1)
  A kraken (Shoals:1)
  Frances (D:13)
  Polyphemus (Shoals:4)
  3 tengu reavers
  6 shadow dragons
  A storm dragon (Depths:3)
  4 deep elf sorcerers
  2 frost giants
  4 orc warlords
  Louise (Shoals:3)
  5 ghost moths
  18 vault wardens
  4 fire giants
  Aizul (Shoals:4)
  3 emperor scorpions
  4 deep elf elementalists (Elf:3)
  9 stone giants
  13 ironbound preservers
  12 very ugly things
  A war gargoyle (Vaults:4)
  10 deep elf annihilators (Elf:3)
  5 entropy weavers
  9 deep elf demonologists
  6 spark wasps
  A merfolk javelineer (Shoals:4)
  A dire elephant (Vaults:2)
  A crystal guardian (Vaults:4)
  A deep elf death mage (Elf:3)
  3 fire dragons
  8 ettins
  8 deep elf high priests
  5 great orbs of eyes
  11 yaktaur captains
  4 merfolk impalers
  A great orb of eyes (shapeshifter) (Vaults:5)
  20 vault guards
  7 rakshasas
  5 boulder beetles
  9 ice dragons
  A spriggan air mage (Depths:2)
  11 centaur warriors
  An ogre mage (Volcano)
  6 satyrs
  Erica (D:8)
  7 hydras
  A peacekeeper (Vaults:4)
  5 merfolk avatars
  An anaconda (Lair:6)
  7 ironbound thunderhulks
  2 catoblepae
  A death knight (D:14)
  3 merfolk aquamancers
  8 ironbound frosthearts
  3 alligator snapping turtles
  15 death yaks
  6 hell hogs (Depths:1)
  11 two-headed ogres
  12 dancing weapons
  10 deep troll earth magi
  3 spriggan berserkers
  8 deep troll shamans
  2 vampire magi
  5 tengu warriors
  3 ironbound beastmasters
  14 deep elf knights
  16 hell knights
  2 spriggans (Depths:4)
  2 orc high priests (Orc:2)
  A skeletal warrior (D:14)
  46 deep trolls
  A fire crab (shapeshifter) (D:15)
  A deep troll (shapeshifter) (Depths:3)
  12 sea snakes
  6 iron trolls
  A flayed ghost (Depths:3)
  A glowing orange brain (Depths:1)
  5 wizards
  14 deep elf archers
  6 lindwurms
  4 phantasmal warriors
  37 deep elf zephyrmancers
  14 harpies
  Pikel (D:4)
  6 necromancers
  2 shadow dragon zombies
  30 deep elf pyromancers
  15 ironbound convokers
  6 orc knights
  3 oklob plants (Lair:5)
  16 orb spiders
  8 orc sorcerers
  29 wolf spiders
  20 fauns
  14 manticores
  23 ugly things
  4 cyclopes
  A moth of wrath (Spider:4)
  An iron dragon skeleton (Depths:2)
  A moth of wrath (shapeshifter) (Elf:2)
  10 black mambas
  10 vault sentinels
  Maurice (Orc:1)
  5 merfolk sirens
  4 elephants
  A torpor snail (Spider:2)
  2 gargoyles
  An elf skeleton (Depths:2)
  A guardian serpent (shapeshifter) (D:13)
  2 molten gargoyles (Volcano)
  4 ice statues (IceCv)
  15 cane toads
  15 yaktaurs
  7 rime drakes
  15 komodo dragons
  2 unseen horrors
  Maggie (D:8)
  10 demonic crawlers
  8 ice devils
  3 freezing wraiths (D:14)
  A troll (shapeshifter) (D:15)
  4 wind drakes
  9 trolls
  A human skeleton (Vaults:3)
  32 jumping spiders
  7 polar bears
  28 merfolk
  14 hornets
  A meliai (shapeshifter) (D:15)
  Prince Ribbit (D:7)
  14 slime creatures
  A hornet (shapeshifter) (Vaults:5)
  11 dream sheep (Lair:6)
  44 blink frogs
  Grinder (D:5)
  8 snapping turtles
  A snapping turtle (shapeshifter) (Vaults:5)
  A spriggan (shapeshifter) (Vaults:5)
  4 air elementals
  71 redbacks
  A shadow (D:11)
  24 tarantellas
  3 wyverns
  19 water elementals
  45 yaks
  A tarantella (shapeshifter) (D:15)
  3 basilisks
  3 wraiths
  2 fire elementals
  A steam dragon (D:8)
  2 fire bats (Volcano)
  Menkaure (Ossuary)
  An acid dragon (D:12)
  4 wargs
  A floating eye (shapeshifter) (D:15)
  Duvessa (D:7)
  14 water moccasins
  An ogre skeleton (Vaults:3)
  An ice beast (D:5)
  A spriggan simulacrum (Depths:2)
  A hornet zombie (D:6)
  32 orc warriors
  2 black bears
  3 necrophages (D:6)
  14 wolves
  2 elephant zombies (Lair:5)
  10 ogres
  5 boggarts
  6 centaurs
  A komodo dragon zombie (Lair:5)
  2 lemures (D:4)
  4 kobold brigands
  A phantom (D:5)
  A human zombie (Vaults:3)
  14 bullfrogs
  3 scorpions
  Blork the orc (D:6)
  A gnoll sergeant (D:8)
  6 earth elementals
  Dowan (D:7)
  A wyvern skeleton (D:6)
  A hornet simulacrum (D:12)
  2 water moccasin skeletons
  7 killer bees (D:9)
  5 wights
  7 howler monkeys
  6 electric eels
  7 lava snakes (Volcano)
  2 draconian simulacra (IceCv)
  5 centaur zombies
  2 hounds
  2 jellies
  A bullfrog skeleton (D:5)
  20 orc priests
  A centaur skeleton (D:7)
  3 iguanas
  26 orc wizards
  2 troll simulacra (IceCv)
  A statue (D:7)
  A killer bee zombie (D:9)
  A centaur simulacrum (IceCv)
  3 mummies (Ossuary)
  A howler monkey zombie (D:6)
  11 gnolls
  4 ogre simulacra (IceCv)
  3 adders
  A naga simulacrum (IceCv)
  3 shadow imps
  An ufetubus (D:6)
  3 worms
  A dart slug (D:3)
  79 orcs
  4 bats
  6 endoplasms
  3 giant cockroaches
  3 gnoll zombies (Ossuary)
  4 goblins
  2 hobgoblins
  6 quokkas
  6 ball pythons
  5 frilled lizards (D:3)
  3 gnoll skeletons (Ossuary)
  5 goblin skeletons (Ossuary)
  7 goblin zombies (Ossuary)
  A hobgoblin skeleton (Ossuary)
  3 hobgoblin zombies (Ossuary)
  24 kobolds
  3 kobold skeletons (Ossuary)
  3 kobold zombies (Ossuary)
  6 orc skeletons (Ossuary)
  3 orc zombies (Ossuary)
  A quokka skeleton (D:4)
  6 rats
  7 rat skeletons (Ossuary)
  6 rat zombies (Ossuary)
  A spectral orc (D:5)
  A bush (Lair:6)
  A plant (Shoals:4)
  4 tentacles (Shoals:1)
1683 creatures vanquished.

Vanquished Creatures (collateral kills)
  A lich (Depths:1)
  2 titans (Vaults:5)
  A sphinx (Vaults:3)
  A frost giant (Depths:3)
  A tengu reaver (Vaults:5)
  2 fire giants (Vaults:5)
  An orc warlord (Orc:2)
  A deep elf sorcerer (Elf:1)
  7 vault wardens
  2 very ugly things
  6 ironbound preservers
  3 stone giants
  2 deep elf annihilators
  A dire elephant (Vaults:2)
  2 spark wasps (Depths:3)
  A deep elf death mage (Elf:3)
  2 ettins (Vaults:5)
  2 ironbound thunderhulks
  17 vault guards
  A hydra (D:8)
  5 yaktaur captains
  2 two-headed ogres (Vaults:5)
  A centaur warrior (Vaults:2)
  An ogre mage (Vaults:5)
  2 ironbound frosthearts
  A dancing weapon (Elf:1)
  2 ironbound beastmasters (Vaults:2)
  2 deep troll shamans (Depths:3)
  4 hell knights
  A deep elf knight (Elf:3)
  15 deep trolls
  9 ironbound convokers
  2 wizards
  3 deep elf archers
  A lindwurm (Vaults:2)
  A deep elf pyromancer (Elf:3)
  A necromancer (Vaults:1)
  A phantasmal warrior (Vaults:5)
  4 orc knights
  3 deep elf zephyrmancers
  A manticore (shapeshifter) (Vaults:5)
  4 ugly things
  10 vault sentinels
  A cane toad (Lair:5)
  A komodo dragon (D:8)
  5 yaktaurs
  5 slime creatures
  A dream sheep (shapeshifter) (Vaults:5)
  An air elemental (Elf:1)
  4 orc warriors (Orc:2)
  3 boggarts
  3 orc priests (Orc:2)
  An orc (Orc:2)
157 creatures vanquished.

Vanquished Creatures (others)
  A deep elf master archer (Elf:3)
  A war gargoyle (Vaults:5)
  A deep elf demonologist (Elf:3)
  A deep elf death mage (Elf:3)
  A deep elf high priest (Elf:3)
  A vault guard (Vaults:5)
  3 centaur warriors (D:15)
  2 dancing weapons
  A deep elf knight (Elf:3)
  A wizard (D:15)
  An orc knight (D:15)
  A cyclops (D:15)
  An ugly thing (D:15)
  A faun (Shoals:4)
  A tarantella (Spider:3)
  An air elemental (Elf:2)
  A fire elemental (Elf:1)
  A human (shapeshifter) (D:15)
  A centaur (D:15)
  2 bushes (D:6)
  58 fungi
  247 plants
  4 tentacles (Shoals:1)
  4 toadstools (D:5)
  6 withered plants (Shoals:1)
343 creatures vanquished.

Grand Total: 2183 creatures vanquished

Notes
Turn   | Place    | Note
-------+----------+-------------------------------------------
     0 | D:1      | freelancePsychic the Djinni Arcane Marksman began the quest
                  | for the Orb.
     0 | D:1      | Reached XP level 1. HP: 17/17 MP: 0/0
   167 | D:1      | Reached XP level 2. HP: 22/22 MP: 0/0
   583 | D:2      | Found a faded altar of an unknown god.
   676 | D:2      | Reached XP level 3. HP: 27/27 MP: 0/0
   676 | D:2      | Learned a level 1 spell: Sting
  1544 | D:3      | Reached XP level 4. HP: 20/33 MP: 0/0
  2005 | D:4      | Found a sand-covered staircase.
  2005 | D:4      | Found a hide-covered altar of Uskayaw.
  2016 | Ossuary  | Entered an ossuary
  2273 | Ossuary  | Reached XP level 5. HP: 33/39 MP: 0/0
  2273 | Ossuary  | Learned a level 2 spell: Corpse Rot
  3033 | Ossuary  | Noticed Menkaure
  3039 | Ossuary  | Killed Menkaure
  3040 | Ossuary  | Reached XP level 6. HP: 23/46 MP: 0/0
  3681 | D:3      | Reached XP level 7. HP: 26/51 MP: 0/0
  3681 | D:3      | Learned a level 3 spell: Stone Arrow
  4067 | D:4      | Reached skill level 5 in Spellcasting
  4513 | D:4      | Noticed Pikel
  4519 | D:4      | Killed Pikel
  4520 | D:4      | Reached skill level 5 in Fighting
  4520 | D:4      | Reached XP level 8. HP: 34/59 MP: 0/0
  5318 | D:5      | Entered Level 5 of the Dungeon
  5681 | D:5      | Noticed Grinder
  5686 | D:5      | Killed Grinder
  5687 | D:5      | Reached XP level 9. HP: 30/66 MP: 0/0
  5687 | D:5      | Learned a level 4 spell: Petrify
  6005 | D:5      | Found a staircase to the Ecumenical Temple.
  6045 | Temple   | Entered the Ecumenical Temple
  6326 | Temple   | Became a worshipper of Makhleb the Destroyer
  6641 | D:5      | Reached skill level 1 in Invocations
  6917 | D:5      | Found a transporter.
  6943 | D:5      | Identified the +4 robe of the Wary Tales {rPois Str-5
                  | Dex+10 Stlth-}
  7100 | D:5      | Found a basalt altar of Yredelemnul.
  7152 | D:5      | Found a transporter.
  7154 | D:5      | Noticed a kobold demonologist
  7740 | D:6      | Reached skill level 3 in Dodging
  8193 | D:6      | Reached skill level 4 in Dodging
  8418 | D:6      | Noticed Blork the orc
  8421 | D:6      | Killed Blork the orc
  8717 | D:6      | Found a blossoming altar of Fedhas.
  8830 | D:6      | Reached skill level 5 in Dodging
  8869 | D:6      | Reached XP level 10. HP: 66/73 MP: 0/0
  9140 | D:7      | Found Onladiem's Book Shop.
  9148 | D:7      | Reached skill level 5 in Invocations
  9460 | D:7      | Reached skill level 6 in Dodging
  9745 | D:7      | Noticed Dowan
  9747 | D:7      | Noticed Duvessa
  9752 | D:7      | Killed Duvessa
  9755 | D:7      | Killed Dowan
  9899 | D:7      | Reached * piety under Makhleb
 10400 | D:7      | Noticed Prince Ribbit
 10404 | D:7      | Killed Prince Ribbit
 10405 | D:7      | Reached skill level 7 in Dodging
 10611 | D:8      | Noticed Erica
 10617 | D:8      | Killed Erica
 11001 | D:8      | Reached skill level 8 in Dodging
 11194 | D:8      | You are sucked into a shaft and drop 2 floors!
 11194 | D:10     | Entered Level 10 of the Dungeon
 11196 | D:10     | Noticed a komodo dragon
 11202 | D:10     | Killed a komodo dragon
 11365 | D:8      | Reached XP level 11. HP: 67/81 MP: 0/0
 11365 | D:8      | Learned a level 4 spell: Hailstorm
 11366 | D:8      | Noticed Maggie
 11373 | D:8      | Killed Maggie
 11374 | D:8      | Reached skill level 9 in Dodging
 11638 | D:7      | Reached ** piety under Makhleb
 11989 | D:8      | Found a staircase to the Lair.
 12511 | D:9      | Reached skill level 10 in Dodging
 13646 | D:10     | Noticed a two-headed ogre
 13652 | D:10     | Killed a two-headed ogre
 13863 | D:10     | Reached *** piety under Makhleb
 14130 | D:11     | Noticed a four-headed hydra
 14134 | D:11     | Killed a four-headed hydra
 14135 | D:11     | Reached XP level 12. HP: 82/91 MP: 0/0
 14341 | D:11     | Noticed a two-headed ogre
 14347 | D:11     | Killed a two-headed ogre
 14993 | Lair:1   | Entered Level 1 of the Lair of Beasts
 15128 | Lair:1   | Noticed a four-headed hydra
 15309 | D:8      | Killed a four-headed hydra
 16266 | Lair:1   | Noticed an eight-headed hydra
 16272 | Lair:1   | Killed an eight-headed hydra
 16608 | Lair:2   | Reached skill level 1 in Shields
 17556 | Lair:2   | Reached skill level 10 in Spellcasting
 17556 | Lair:2   | Reached XP level 13. HP: 89/95 MP: 0/0
 17556 | Lair:2   | Learned a level 5 spell: Yara's Violent Unravelling
 17588 | Lair:2   | Found a runed translucent gate.
 17590 | Lair:2   | Noticed Drazool's ghost (journeyman GrEE)
 17690 | Lair:2   | Found a runed translucent gate.
 17690 | Lair:2   | Found a runed translucent gate.
 18283 | Lair:3   | Reached skill level 11 in Dodging
 18515 | Lair:3   | Reached **** piety under Makhleb
 18582 | Lair:3   | Found a hole to the Spider Nest.
 19210 | Lair:3   | Reached skill level 12 in Dodging
 19675 | Lair:3   | Noticed Rupert
 19929 | Lair:4   | Noticed a four-headed hydra
 19947 | Lair:4   | Killed a four-headed hydra
 20576 | Lair:4   | Found a staircase to the Shoals.
 20877 | Lair:4   | Noticed a four-headed hydra
 20883 | Lair:4   | Killed a four-headed hydra
 20883 | Lair:4   | Reached ***** piety under Makhleb
 21306 | Lair:5   | Reached XP level 14. HP: 84/102 MP: 0/0
 21316 | Lair:5   | Reached skill level 10 in Fighting
 23720 | Lair:5   | Identified the Tome of Doomed Stones
 23993 | Lair:5   | Found a viscous altar of Jiyva.
 23993 | Lair:5   | Found a staircase to the Slime Pits.
 24102 | Lair:5   | Reached XP level 15. HP: 112/112 MP: 0/0
 24102 | Lair:5   | Learned a level 6 spell: Starburst
 24118 | Lair:6   | Entered Level 6 of the Lair of Beasts
 26737 | Lair:6   | Reached XP level 16. HP: 92/121 MP: 0/0
 27344 | Lair:6   | Identified the ring "Hurih" {Ice rPois Dex+3}
 27483 | Lair:6   | Reached ****** piety under Makhleb
 28607 | Lair:3   | Killed Rupert
 29040 | D:12     | Identified the +3 scale mail of Tartarus {-Tele Str+5
                  | Int+6}
 29627 | D:12     | Found a staircase to the Orcish Mines.
 29870 | Orc:1    | Entered Level 1 of the Orcish Mines
 29870 | Orc:1    | Found Acaukoh's CLEARANCE SALE! EVERYTHING MUST GO!.
 29880 | Orc:1    | Bought a +0 robe for 3 gold pieces
 29895 | Orc:1    | Found a dark tunnel.
 29900 | Volcano  | Entered a volcano
 29947 | Volcano  | Found a burning altar of Makhleb.
 29982 | Volcano  | Reached skill level 10 in Invocations
 31290 | Orc:1    | Found a burning altar of Makhleb.
 31291 | Orc:1    | Noticed Maurice
 31294 | Orc:1    | Killed Maurice
 31521 | Orc:2    | Entered Level 2 of the Orcish Mines
 31521 | Orc:2    | Found a staircase to the Elven Halls.
 31751 | Orc:2    | Reached XP level 17. HP: 71/128 MP: 0/0
 31751 | Orc:2    | Learned a level 7 spell: Storm Form
 32100 | Orc:2    | Found Zair's Jewellery Emporium.
 32131 | Orc:2    | Found Kyipul's Antique Armour Emporium.
 32200 | Orc:2    | Found Eqe Hits's General Store.
 32207 | Orc:2    | Bought a scroll of teleportation for 42 gold pieces
 32575 | Orc:2    | Found Puqynept's Antique Weapon Emporium.
 32739 | D:13     | Reached skill level 13 in Dodging
 32745 | D:13     | Noticed Frances
 32752 | D:13     | Killed Frances
 33426 | D:13     | Found a portal to a secret trove of treasure.
 33518 | D:14     | Identified a scroll of acquirement
 33519 | D:14     | Acquired the +0 hat of Light {rPois rC+}
 33596 | D:14     | Found a frozen archway.
 33607 | IceCv    | Entered an ice cave
 33627 | IceCv    | Reached skill level 1 in Unarmed Combat
 33803 | IceCv    | Identified the +3 leather armour of the Fletcher {rPois
                  | Str+4}
 34209 | D:14     | Found a gate to the Vaults.
 34593 | D:15     | Entered Level 15 of the Dungeon
 34622 | D:15     | Reached skill level 14 in Dodging
 34806 | D:15     | Found a staircase to the Depths.
 34997 | D:15     | Found a shimmering altar of Xom.
 35542 | Elf:1    | Entered Level 1 of the Elven Halls
 35551 | Elf:1    | Reached skill level 15 in Spellcasting
 35652 | Elf:1    | Found a flickering gateway to a bazaar.
 35654 | Elf:1    | Reached skill level 5 in Unarmed Combat
 35657 | Elf:1    | Reached XP level 18. HP: 113/135 MP: 0/0
 35665 | Bazaar   | Entered a bazaar
 35665 | Bazaar   | Found Zeot's Antique Armour Shop.
 35688 | Bazaar   | Found Fialooto's General Store.
 35695 | Bazaar   | Found Myntudua's Book Emporium.
 35704 | Bazaar   | Found Xeehump's General Store.
 36291 | Elf:1    | Paralysed by an air elemental for 1 turns
 36294 | Elf:1    | Paralysed by an air elemental for 1 turns
 36556 | Elf:1    | Reached skill level 15 in Dodging
 36993 | Elf:2    | Found a runed translucent gate.
 36993 | Elf:2    | Found a runed translucent gate.
 36993 | Elf:2    | Found a runed translucent gate.
 36993 | Elf:2    | Noticed rrossfarrar's ghost (adept FeBe)
 37642 | Elf:2    | Found a runed translucent gate.
 37642 | Elf:2    | Found a runed translucent gate.
 37643 | Elf:2    | Found a runed translucent gate.
 38011 | Shoals:1 | Entered Level 1 of the Shoals
 38168 | Shoals:1 | Found a runed translucent gate.
 38169 | Shoals:1 | Found a runed translucent gate.
 38170 | Shoals:1 | Found a runed translucent gate.
 38177 | Shoals:1 | Noticed Zipteul's ghost (adept NaBe)
 38177 | Shoals:1 | Noticed Peas's ghost (journeyman DrVM)
 38218 | Shoals:1 | Noticed a kraken
 38231 | Shoals:1 | Killed a kraken
 38945 | Shoals:2 | Reached XP level 19. HP: 104/140 MP: 0/0
 38945 | Shoals:2 | Learned a level 6 spell: Invisibility
 39239 | Shoals:2 | Found a runed translucent door.
 40369 | Shoals:3 | Noticed Louise
 40375 | Shoals:3 | Killed Louise
 40826 | Shoals:4 | Entered Level 4 of the Shoals
 40827 | Shoals:4 | Noticed Polyphemus
 40846 | Shoals:4 | Killed Polyphemus
 41101 | Shoals:4 | Reached skill level 15 in Fighting
 41223 | Shoals:4 | Gained mutation: You are clumsy. (Dex -2) [mutagenic glow]
 41346 | Shoals:4 | Noticed Aizul
 41373 | Shoals:4 | Killed Aizul
 41837 | Shoals:4 | Got a barnacled rune of Zot
 42177 | Shoals:4 | Acquired 410 gold pieces
 42506 | Spider:1 | Entered Level 1 of the Spider Nest
 42573 | Spider:1 | Reached XP level 20. HP: 150/150 MP: 0/0
 43255 | Spider:2 | Noticed Jorgrun
 43259 | Spider:2 | Killed Jorgrun
 43260 | Spider:2 | Reached skill level 10 in Unarmed Combat
 44116 | Spider:3 | Noticed Roxanne
 44400 | Spider:4 | Entered Level 4 of the Spider Nest
 44756 | Spider:4 | Reached skill level 16 in Dodging
 44979 | Spider:4 | Reached XP level 21. HP: 97/156 MP: 0/0
 44979 | Spider:4 | Learned a level 8 spell: Infestation
 45108 | Spider:4 | Got a gossamer rune of Zot
 45766 | Vaults:1 | Entered Level 1 of the Vaults
 45960 | Vaults:1 | Acquired the ring "Nuthezis" {Drain rC+++ Str+9 Int+6}
 46128 | Vaults:1 | Noticed Asterion
 46137 | Vaults:1 | Killed Asterion
 46155 | Vaults:1 | Paralysed by a sphinx for 4 turns
 47391 | Vaults:2 | Found Tyel's Book Shoppe.
 47397 | Vaults:2 | Paralysed by a sphinx for 4 turns
 47976 | Vaults:2 | Found Iwnun's Weapon Shoppe.
 47983 | Vaults:2 | Identified the amulet "Udotu" {Spirit rPois rC+}
 48003 | Vaults:2 | Found a staircase to the Crypt.
 48003 | Vaults:2 | Found a basalt altar of Yredelemnul.
 48255 | Vaults:2 | Noticed Frederick
 48262 | Vaults:2 | Killed Frederick
 48476 | Vaults:2 | Found Quige's Jewellery Shoppe.
 49207 | Vaults:3 | Reached XP level 22. HP: 154/162 MP: 0/0
 49447 | Vaults:3 | Reached skill level 17 in Dodging
 49551 | Vaults:3 | Noticed a dread lich
 49556 | Vaults:3 | Killed a dread lich
 49683 | Vaults:3 | Noticed Jory
 49690 | Vaults:3 | Killed Jory
 50819 | Vaults:4 | Found a large runed translucent door.
 50819 | Vaults:4 | Found a large runed translucent door.
 50820 | Vaults:4 | Noticed Vatovie's ghost (veteran MiFi)
 50823 | Vaults:4 | Noticed Droegar's ghost (adept MiBe)
 50858 | Vaults:4 | Identified the +3 broad axe "Xuguad" {freeze, Str-5 Int+5
                  | SInv}
 50955 | Vaults:4 | Reached skill level 18 in Dodging
 51223 | Vaults:4 | Reached XP level 23. HP: 167/167 MP: 0/0
 51223 | Vaults:4 | Learned a level 7 spell: Orb of Destruction
 51664 | Vaults:5 | Entered Level 5 of the Vaults
 51719 | Vaults:5 | Reached skill level 19 in Dodging
 51726 | Vaults:5 | Reached skill level 15 in Unarmed Combat
 51764 | Vaults:5 | Identified the +11 halberd of Overwhelming Force {flame,
                  | Str-3 Dex+6}
 51765 | Vaults:5 | Noticed Xtahua
 51772 | Vaults:5 | Killed Xtahua
 51773 | Vaults:5 | Noticed an ancient lich
 51780 | Vaults:5 | Noticed a dread lich
 52362 | Vaults:5 | Noticed a golden dragon
 52368 | Vaults:5 | Killed a golden dragon
 52507 | Vaults:5 | Reached skill level 20 in Dodging
 52508 | Vaults:5 | Reached XP level 24. HP: 154/174 MP: 0/0
 52525 | Vaults:5 | Killed an ancient lich
 52621 | Vaults:5 | Noticed a golden dragon
 52752 | Vaults:5 | Killed a golden dragon
 52812 | Vaults:5 | Identified the ring of the Bull {Drain Fly rElec rPois
                  | Str+3 Int+3}
 52814 | Vaults:5 | Got a silver rune of Zot
 52824 | Vaults:5 | Identified the amulet of the Death Scarab {RegenMP rC+}
 53361 | Vaults:5 | Killed a dread lich
 53405 | Vaults:5 | Identified the +0 cloak "Qocve" {Int+3 Stlth-}
 53589 | Vaults:5 | Identified the +2 leather armour of Yluk {Rampage}
 53669 | Vaults:4 | Killed Droegar's ghost
 54010 | Elf:3    | Entered Level 3 of the Elven Halls
 54160 | Elf:3    | Found Wourost's General Store.
 54275 | Elf:3    | Identified the +1 halberd "Spiderbane" {vorpal, *Corrode
                  | *Slow rElec Dex+10}
 54372 | Elf:3    | Gained mutation: You are frail. (-10% HP) [mutagenic glow]
 54380 | Elf:3    | Lost mutation: You are frail. (-10% HP) [potion of
                  | mutation]
 54380 | Elf:3    | Lost mutation: You are clumsy. (Dex -2) [potion of
                  | mutation]
 54380 | Elf:3    | Gained mutation: You expend health (3 HP) to strengthen
                  | your wands. [potion of mutation]
 54380 | Elf:3    | Gained mutation: You passively map a small area around you.
                  | [potion of mutation]
 54685 | Elf:3    | Identified the ring "Xigoakapt" {*Slow rPois MP+9 Str+3}
 54695 | Elf:3    | HP: 3/176 [acid (17)]
 54695 | Elf:3    | HP: 1/176 [deep elf master archer/arrow (2)]
 54805 | Elf:3    | Reached XP level 25. HP: 126/183 MP: 0/0
 54805 | Elf:3    | Learned a level 8 spell: Lehudib's Crystal Spear
 54925 | Elf:3    | Identified the +5 shortbow of Cheese {venom, rElec rCorr}
 55015 | Elf:3    | Identified the +1 chain mail "Nuarchof" {rN+ Regen+}
 55113 | Elf:3    | Identified the Disquisition on Sinister Fascination
 55116 | Elf:3    | Identified Wunte's Incunabulum of Dusty Darkness
 55118 | Elf:3    | Identified the +2 helmet of the Cobbler {Will+ Str+2 Int+3}
 55361 | Depths:1 | Entered Level 1 of the Depths
 55538 | Vaults:4 | Killed Vatovie's ghost
 55762 | Depths:1 | Reached skill level 21 in Dodging
 56079 | Depths:1 | Reached skill level 22 in Dodging
 56184 | Depths:1 | Found a gateway to Hell.
 56379 | Depths:1 | Found an ornate altar of the Wu Jian Council.
 56672 | Depths:2 | Reached XP level 26. HP: 166/190 MP: 0/0
 56773 | Depths:2 | Reached skill level 23 in Dodging
 56989 | Depths:2 | You are sucked into a shaft and drop 2 floors!
 57318 | Depths:4 | HP: 1/190 [spriggan defender (11)]
 57322 | Depths:4 | Hit by a large rock thrown by a stone giant

Illustrated notes

Levels and vault maps discovered:
D:1:      onia_arrival_mini_maze_b, layout_rooms
D:2:      layout_rooms, basic_ecumenical_altar, small_statue_intersection
D:3:      layout_loops_cross
D:4:      layout_rooms, nicolae_overflow_hidden_temple,
          nicolae_ossuary_entry_monument, uniq_pikel
D:5:      gammafunk_wand_slinger, layout_gridville,
          yredelemnul_forgotten_temple_becter, kennysheep_mini_moat,
          minmay_temple_entry_glassed_door, minmay_gold_behind_fungi,
          uniq_grinder
D:6:      layout_loops_corners, fedhas_altar_decomposition, uniq_blork_the_orc,
          uniq_menkaure
D:7:      layout_cave_pools, vehumet_statue, serial_shops,
          nicolae_shop_waterfront, hangedman_decor_diamond_cutter, uniq_duvessa,
          uniq_prince_ribbit1
D:8:      layout_cave_pools, lair_entry_dummy, uniq_maggie, uniq_erica
D:9:      layout_roguey
D:10:     layout_rooms
D:11:     layout_cross, serial_column_ruins, column_ruins_corridor_straight,
          column_ruins_open_small, column_ruins_grid_1, column_ruins_grid_3,
          column_ruins_corridor_straight
D:12:     layout_long_grid, david_orc_5
D:13:     layout_irregular_city, enter_trove_6, uniq_frances
D:14:     layout_irregular_city, david_vaults_4, portal_ice_cave_demonic_guard
D:15:     grunt_enter_depths_hoard, layout_long_grid, kiku_gazebo_pond_becter,
          serial_bayou_lagoon_a, minivault_19, xom_confusion_cloud
Temple:   eino_temple_rhombus
Lair:1:   layout_layer_cave
Lair:2:   layout_hall_layers, ebering_ghost_rock_garden
Lair:3:   layout_regular_city, spider_nest_entry_a, serial_bayou_shore_b,
          uniq_rupert
Lair:4:   layout_cave_pods, elwin_shoals_entry_rooms, guppyfry_lair_drakes,
          serial_bayou_shore_b, serial_bayou_shore_b
Lair:5:   pond_and_an_island_with_a_cottage, layout_hall_layers,
          dpeg_slime_entry_enclosed_altar, st_stairs_10,
          minmay_lair_oklob_chamber
Lair:6:   gammafunk_lair_ancient_temple, layout_regular_city
Shoals:1: layout_shoals, gammafunk_ghost_cemetery
Shoals:2: layout_shoals, lightli_airlock
Shoals:3: nicolae_shoals_island_circles, layout_shoals, uniq_louise
Shoals:4: shoals_end_grunt_garden, layout_shoals, nzn_prometheus_bound,
          uniq_aizul, uniq_polyphemus
Spider:1: layout_spider_delve
Spider:2: layout_spider_delve, uniq_jorgrun
Spider:3: layout_spider_delve, uniq_roxanne
Spider:4: grunt_spider_rune_parallel
Orc:1:    layout_caves, nicolae_volcano_entry_lava_flow, basic_altar,
          nicolae_shop_clearance, uniq_maurice
Orc:2:    grunt_orc_cross, layout_caves
Elf:1:    minmay_elf_arrival_plus, layout_gridlike, serial_shops,
          bzr_entry_dummy, hangedman_elf_represent, nicolae_elf_v_pinch,
          minmay_misc_feat_pillars
Elf:2:    layout_geoelf_diagonals, gammafunk_ghost_split
Elf:3:    minmay_elf_hall_not_hex, layout_geoelf_octagon, basic_altar,
          serial_shops, nicolae_square_shop, moated_statue
Vaults:1: hangedman_vaults_river_flow, nicolae_vaults_little_squares_2,
          nicolae_vaults_asterisk, grunt_vaults_focal, hangedman_vaults_slice,
          vaults_dpeg_doors, vaults_mumra_chevron, hangedman_vaults_capsules,
          layout_vaults_omnigrid, uniq_asterion
Vaults:2: nicolae_vaults_yaktaur_gun_rack, nicolae_vaults_border_crossing,
          ontoclasm_vaults_ring_large, minmay_crypt_entry_necro_gods,
          v_alt_pattern_1, dpeg_vaults_monster_row, nicolae_vaults_rhombus_5,
          layout_vaults_chaotic_city, serial_shops, shop, shop,
          nicolae_shop_trees, uniq_frederick
Vaults:3: v_misc_18, ontoclasm_vaults_bender, vaults_dpeg_cross,
          st_smaller_cells, v_misc_5, ontoclasm_vaults_tryst,
          hangedman_vaults_nails, v_pattern_3, vaults_dpeg_diagonal, v_rooms_5,
          vaults_room_corners, hangedman_vaults_stretched_pinwheel,
          layout_vaults_ring, uniq_jory
Vaults:4: advil_vaults_ghost_guards, vaults_room_ringed_pool,
          nicolae_vaults_triangles, v_rooms_4, v_rooms_1, vaults_room_corners,
          v_misc_18, hangedman_vaults_cutoff, v_alt_pattern_3, st_cross,
          ontoclasm_vaults_ring_square, vaults_room_hallway,
          nicolae_vaults_little_squares_3, nicolae_vaults_shelves_hall,
          layout_vaults_maze_bifur
Vaults:5: uniq_xtahua
Depths:1: layout_gridlike, nzn_wu_jian_council_hall, grunt_hell_horde,
          minmay_fractal_squares_diagonal_5, kennysheep_random_hallway
Depths:2: minmay_the_grid_3x2 [minmay_the_grid_medium_cups,
          minmay_the_grid_minigrid_large, minmay_the_grid_tiny_cups,
          minmay_the_grid_mess, minmay_the_grid_outer_circle,
          minmay_the_grid_prize_shrinking_boxes], layout_honeycomb,
          enter_ziggurat_b, serial_shops, nicolae_shop_crystal,
          minmay_crystal_water, hell_entry
Depths:3: grunt_deathspiral_large, layout_cave_shapes, hell_entry,
          infiniplex_staircase_x, serial_shops, nicolae_shop_stone, pan_entry,
          abyss_entry
Depths:4: kennysheep_treasure_stockpile, layout_gridlike, hell_entry,
          abyss_entry_crystal, special_room [special_room_magic_class],
          minmay_misc_feat_columns, kennysheep_small_square,
          infiniplex_staircase_river, minmay_shop_grove, serial_bayou_shore_b,
          uniq_enchantress

Skill      XL: |  1  2  3  4  5  6  7  8  9 10 11 12 13 14 15 16 17 18 19 20 21 22 23 24 25 26 |
---------------+-------------------------------------------------------------------------------+-----
Spellcasting   | 3 4 6 7 8 10 11 12 13 14 15 16 17 18 19 20 | 20.2
Fighting       | 2 3 5 6 8 9 11 13 14 15 16 | 16.8
Invocations    | 4 6 7 8 10 | 10.4
Dodging        | 5 8 10 12 14 15 16 18 20 22 23 | 23.6
Shields        | 4 |  4.0
Unarmed Combat | 5 9 11 12 14 16 17 | 17.8
Slings         | |  1.5

Action                   |  1- 3 |  4- 6 |  7- 9 | 10-12 | 13-15 | 16-18 | 19-21 | 22-24 | 25-27 || total
-------------------------+-------+-------+-------+-------+-------+-------+-------+-------+-------++-------
Melee: Hunting sling     |     1 |       |       |       |       |       |       |       |       ||     1
       Staff             |       |       |     2 |       |     4 |    40 |    18 |     8 |     3 ||    75
       Unarmed           |       |       |       |       |       |   116 |   495 |   424 |    38 ||  1073
       Punch             |       |       |       |       |       |     3 |    12 |    25 |     4 ||    44
       Broad axe         |       |       |       |       |       |       |       |     8 |       ||     8
 Fire: Hunting sling     |    87 |   164 |       |       |       |       |       |       |       ||   251
 Cast: Sting             |    13 |    14 |       |       |       |       |       |       |       ||    27
       Inner Flame       |       |    18 |    28 |    76 |    95 |    63 |     4 |       |       ||   284
       Stone Arrow       |       |       |    81 |   128 |   121 |     5 |     3 |       |       ||   338
       Portal Projectile |       |       |     1 |     1 |       |       |       |       |       ||     2
       Petrify           |       |       |     1 |       |    23 |     4 |       |     1 |       ||    29
       Hailstorm         |       |       |       |     3 |    17 |    62 |    15 |       |       ||    97
       Yara's Violent Un |       |       |       |       |    33 |    14 |     3 |     1 |     4 ||    55
       Starburst         |       |       |       |       |    65 |   336 |   177 |     4 |       ||   582
       Storm Form        |       |       |       |       |       |    16 |    42 |    37 |     3 ||    98
       Invisibility      |       |       |       |       |       |       |    31 |     5 |     4 ||    40
       Cause Fear        |       |       |       |       |       |       |     2 |       |       ||     2
       Infestation       |       |       |       |       |       |       |    31 |    44 |     9 ||    84
       Orb of Destructio |       |       |       |       |       |       |       |    48 |       ||    48
       Lehudib's Crystal |       |       |       |       |       |       |       |       |   200 ||   200
Invok: Minor Destruction |       |       |       |   163 |     6 |       |       |       |       ||   169
       Lesser Servant of |       |       |       |     1 |     1 |     1 |       |     1 |       ||     4
       Greater Servant o |       |       |       |       |       |     6 |       |     2 |     2 ||    10
 Abil: End Transformatio |       |       |       |       |       |     5 |     2 |     6 |     2 ||    15
       Blinkbolt         |       |       |       |       |       |    12 |    25 |    16 |       ||    53
Evoke: Wand              |       |       |       |       |       |     1 |       |       |       ||     1
  Use: Scroll            |     2 |     4 |     2 |    12 |     6 |    10 |    13 |     7 |       ||    56
       Potion            |       |       |       |       |     1 |       |     5 |    10 |     2 ||    18
 Stab: Invisible         |       |       |       |       |       |       |    35 |    11 |    12 ||    58
       Distracted        |       |       |       |       |       |       |     1 |     2 |       ||     3
Armor: Robe              |     5 |    36 |     5 |    32 |    10 |     7 |       |       |       ||    95
       Troll leather arm |       |       |       |       |       |    27 |    26 |     6 |    18 ||    77
       Skin              |       |       |       |       |       |    23 |   109 |    71 |    11 ||   214
Dodge: Dodged            |    14 |    65 |    27 |   161 |   132 |   275 |   892 |   432 |   135 ||  2133
Block: Buckler           |       |       |       |       |    26 |    47 |    42 |     8 |    20 ||   143

Table legend: (Time is in decaauts)
 A = Elapsed time spent in this place.
 B = Non-inter-level travel time spent in this place.
 C = Inter-level travel time spent in this place.
 D = Time resting spent in this place.
 E = Time spent auto-exploring this place.
 F = Levels seen in this place.
 G = Mean time per level.
                   A        B        C        D        E       F      G
               +--------+--------+--------+--------+--------+-----+--------+
         Total |  57204 |  53981 |   3223 |   7528 |  38151 |  48 | 1191.8 |
       Dungeon |  17841 |  16402 |   1439 |   2611 |  11965 |  15 | 1189.4 |
        Temple |    514 |    487 |     27 |    214 |    269 |   1 |  514.0 |
          Lair |  13685 |  13101 |    584 |   3312 |   8517 |   6 | 2280.8 |
        Shoals |   4425 |   4326 |     99 |    292 |   3216 |   4 | 1106.2 |
   Spider Nest |   2966 |   2797 |    169 |    171 |   2022 |   4 |  741.5 |
  Orcish Mines |   2107 |   1961 |    146 |    244 |   1299 |   2 | 1053.5 |
   Elven Halls |   3276 |   3072 |    204 |    236 |   1911 |   3 | 1092.0 |
        Vaults |   8221 |   7688 |    533 |    221 |   5999 |   5 | 1644.2 |
        Depths |   1556 |   1537 |     19 |      0 |   1118 |   4 |  389.0 |
        Bazaar |     83 |     83 |      0 |      0 |     80 |   1 |   83.0 |
       Ossuary |   1291 |   1291 |      0 |    225 |    801 |   1 | 1291.0 |
      Ice Cave |    307 |    307 |      0 |      0 |    205 |   1 |  307.0 |
       Volcano |    927 |    927 |      0 |      2 |    749 |   1 |  927.0 |
               +--------+--------+--------+--------+--------+-----+--------+

Top non-repeatable levels by time:
  Lair:5: 4210 daAuts
  Lair:4: 2461 daAuts
     D:3: 2251 daAuts
     D:7: 2250 daAuts
  Lair:6: 1962 daAuts
  Lair:2: 1937 daAuts
Vaults:2: 1910 daAuts
Vaults:5: 1908 daAuts
  Lair:3: 1803 daAuts
Vaults:1: 1748 daAuts
     D:6: 1634 daAuts
Vaults:3: 1559 daAuts
     D:9: 1490 daAuts
Shoals:4: 1465 daAuts
     D:8: 1388 daAuts
